Construct Section Command Post
Selects Heavy Armor Battlegroup
Construct Platoon Command Post
Selects Rigorous Vehicle Training
Selects Light Vehicle Withdraw and Refit
6-pounder Anti-tank Gun Team
Light Vehicle Withdraw and Refit
Construct Company Command Post
Selects Forward Repair Assembly
Unlock M3 Grant Medium Tanks
Construct Field Infirmary
Construct Field Infirmary
Selects Churchill Black Prince Heavy Tank
Churchill Black Prince Heavy Tank